 Dungeon Crawl Stone Soup version 0.27.1-35-g4d5d836560 (webtiles) character file.

Game seed: 6444431584123307849

14 cbfl8 the Sneak (level 2, -2/26 HPs)
             Began as a Minotaur Delver on Mar 27, 2022.
             Killed from afar by Natasha (10 damage)
             ... with a magic dart
             ... on level 4 of the Dungeon.
             The game lasted 00:00:23 (218 turns).

cbfl8 the Sneak (Minotaur Delver)                    Turns: 218, Time: 00:00:24

Health: -2/26      AC:  0    Str: 16    XL:     2   Next: 27%
Magic:  1/1        EV: 19    Int:  7    God:
Gold:   17         SH:  0    Dex: 16    Spells: 1/1 levels left

rFire    . . .     SeeInvis .   (weapon currently unavailable)
rCold    . . .     Faith    .   (shield currently unavailable)
rNeg     . . .     Spirit   .   (armour currently unavailable)
rPois    .         Reflect  .   (helmet currently unavailable)
rElec    .         Harm     .   (cloak currently unavailable)
rCorr    .         Rampage  .   (gloves currently unavailable)
Will     .....                  (boots currently unavailable)
Stlth    +++.......             (no amulet)
HPRegen  0.08/turn              (ring currently unavailable)
MPRegen  0.07/turn              (ring currently unavailable)

@: bat-form, flying, slowed, quick
A: fast, flying, no casting, tiny, (horns 2), (retaliatory headbutt)
a: no special abilities


You were on level 4 of the Dungeon.
You were a bat.
You visited 1 branch of the dungeon, and saw 2 of its levels.

You collected 17 gold pieces.

Inventory:

Hand Weapons
 a - a +0 hand axe (melded)
Armour
 b - a +0 leather armour (melded)
Wands
 g - a wand of digging (3)
Scrolls
 c - a scroll of fog
 d - a scroll of magic mapping
 e - a scroll of fear
Potions
 f - a potion of haste
 h - a potion of lignification {unknown}
 i - a potion of heal wounds {unknown}


   Skills:
 + Level 3.6 Fighting
 + Level 3.2 Axes
 + Level 2.2 Dodging
 + Level 4.3 Stealth


You had one spell level left.
You didn't know any spells.
Your spell library was empty.

Dungeon Overview and Level Annotations

Branches:
Dungeon (5/15)
 Temple: D:4-7

Altars:

Annotations:
D:4 Natasha


Innate Abilities, Weirdness & Mutations

You are a bat.
You are tiny and dextrous.
You move quickly.
You are flying.
Your equipment is almost entirely melded.
You are incapable of wielding weapons or throwing items.
You cannot cast spells.
((You have a pair of horns on your head.))
((You reflexively headbutt those who attack you in melee.))


Message History

Natasha, Servant of Life and Death comes into view.
She is carrying a wand of polymorph (5).
Natasha hisses angrily.
Natasha growls.
Natasha stares at you and mumbles some strange words.
You resist with significant effort. Natasha closely misses you.
You see here a +0 hand axe.
You closely miss Natasha. Your headbutt misses Natasha.
Natasha zaps a wand.
You turn into a bat.
Your +0 hand axe melds into your body.
Your +0 leather armour melds into your body.
You hit Natasha but do no damage.
Natasha extends her claws.
Natasha barely misses you.
You hit Natasha but do no damage.
Natasha zaps a wand.
You barely miss Natasha.
Natasha stares at you and mumbles some strange words.
The magic dart hits you!
You hit Natasha but do no damage.
Natasha mumbles some strange words.
You feel troubled. Natasha claws you!
You completely miss Natasha. Natasha claws you.
You barely miss Natasha.
Natasha zaps a wand.
You resist with significant effort.
You hit Natasha but do no damage. Natasha misses you.
You hit Natasha but do no damage. You hit Natasha but do no damage.
Natasha hisses.
Natasha zaps a wand.
You closely miss Natasha. Natasha misses you.
You hit Natasha but do no damage. Natasha casts a spell at you.
You feel yourself slow down.
You hit Natasha but do no damage.
Natasha mumbles some strange words.
Natasha closely misses you.
You closely miss Natasha. Natasha casts a spell at you.
The magic dart hits you!
You die...

##################
#................#
####.##......######.#
.....#.####.#
#..#.####.###
#....(......####.###
#..†..###...bh.5....
#.....# ###.........
#.....# ######.##.
##...## ..
##.########### .
#.##..>.....#
#.##.######## #.##.#
##### #.##.# #...#


You could see Natasha and a crimson imp (summoned).

Vanquished Creatures
  A hound skeleton (D:4)
  A hobgoblin (D:4)
2 creatures vanquished.

Notes
Turn   | Place    | Note
-------+----------+-------------------------------------------
     0 | D:5      | cbfl8 the Minotaur Delver began the quest for the Orb.
     0 | D:5      | Reached XP level 1. HP: 19/19 MP: 0/0
    67 | D:4      | Noticed an ogre
    90 | D:4      | Reached XP level 2. HP: 18/26 MP: 1/1
   199 | D:4      | Noticed Natasha
   218 | D:4      | Noticed a crimson imp
   218 | D:4      | Killed from afar by Natasha

Illustrated notes

Levels and vault maps discovered:
D:4:      layout_loops_ring, okawaru_trees_1, uniq_natasha,
          uniq_crazy_yiuf_cottage
D:5:      layout_cave_pools, serial_gnoll_camp, gnoll_camp_mini_house,
          gnoll_camp_mini_basic, gnoll_camp_mini_loothouse,
          gnoll_camp_medium_01, uniq_grinder

Skill      XL: |  1 |
---------------+----+-----
Axes           | 3 |  3.2
Fighting       | |  3.6
Dodging        | |  2.2
Stealth        | |  4.3

Action                   || total
-------------------------++-------
Melee: Hand axe          ||     8
       Headbutt          ||     3
       Unarmed           ||    13
Dodge: Dodged            ||     9
